 Dungeon Crawl Stone Soup version 0.24-a0-736-g4e6fe308c7 (webtiles) character file.

Game seed: 15162870912210918308, levelgen mode: deterministic

67 Kohma the Conjurer (level 3, -6/29 HPs)
             Began as a Draconian Conjurer on Oct 2, 2019.
             Mangled by a worker ant (7 damage)
             ... on level 2 of the Dungeon.
             The game lasted 00:03:53 (1211 turns).

Kohma the Conjurer (Draconian Conjurer)             Turns: 1211, Time: 00:03:54

Health: -6/29      AC:  5    Str: 10    XL:     3   Next: 98%
Magic:  1/6        EV: 12    Int: 21    God:
Gold:   57         SH:  0    Dex: 11    Spells: 4/7 levels left

rFire    . . .     SeeInvis .   a - +0 hand axe
rCold    . . .     Gourm    .   (no shield)
rNeg     . . .     Faith    .   (armour unavailable)
rPois    .         Spirit   .   (helmet restricted)
rElec    .         Reflect  .   (no cloak)
rCorr    .         Harm     .   (no gloves)
MR       .....                  (no boots)
Stlth    ++........             (no amulet)
HPRegen  0.09/turn              (no ring)
MPRegen  0.10/turn              (no ring)

@: brilliant, lethally poisoned (-6 -> -22)
A: unfitting armour, cold-blooded, AC +5
a: no special abilities


You were on level 2 of the Dungeon.
You were hungry.

You visited 1 branch of the dungeon, and saw 2 of its levels.

You collected 57 gold pieces.

Inventory:

Hand Weapons
 a - a +0 hand axe (weapon)
Missiles
 i - 18 poisoned darts (quivered)
 n - 31 stones
 o - 20 sling bullets
Jewellery
 c - a cursed ring of teleportation {unknown}
 h - a +5 ring of dexterity {unknown}
Scrolls
 f - 2 scrolls of fog {unknown}
 g - 2 scrolls of remove curse {unknown}
 j - 2 scrolls of immolation {unknown}
 k - 2 scrolls of teleportation {unknown}
 l - a scroll of fear {unknown}
 p - a scroll of identify {unknown}
Comestibles
 b - 3 rations
 m - 3 chunks of flesh


   Skills:
 + Level 1.8 Fighting
 - Level 1.7 Dodging
 - Level 1.7 Stealth
 + Level 2.5 Spellcasting
 * Level 4.8 Conjurations


You had 4 spell levels left.
You knew the following spells:

 Your Spells              Type           Power        Failure   Level  Hunger
a - Magic Dart            Conj           ####         1%          1    None
b - Searing Ray           Conj           #####.       1%          2    ##.....

Your spell library contained the following spells:

 Spells                   Type           Power        Failure   Level  Hunger
 Dazzling Spray           Conj/Hex       ####..       1%          3    ###....
 Iskenderun's Mystic Bla  Conj           #####...     2%          4    ####...
 Force Lance              Conj/Tloc      ####....     6%          4    ####...
 Fulminant Prism          Conj/Hex       ####......   6%          4    ####...


Dungeon Overview and Level Annotations

Branches:
Dungeon (2/15)

Altars:


Innate Abilities, Weirdness & Mutations

Your plain brown scales are hard. (AC +5)
You cannot fit into any form of body armour.
You are cold-blooded and may be slowed by cold attacks.


Message History

You don't have enough magic to cast that spell.
You hit the worker ant but do no damage.
The worker ant is severely wounded.
You feel sick. The worker ant completely misses you. The worker ant bites you!
You are more poisoned.
The worker ant poisons you!
You hit the worker ant but do no damage.
The worker ant is severely wounded.
You feel sick. The worker ant closely misses you.
You hit the worker ant but do no damage.
The worker ant is severely wounded.
You feel sick. The worker ant bites you. x2
* * * LOW HITPOINT WARNING * * *
You are more poisoned.
The worker ant poisons you!
* * * LOW HITPOINT WARNING * * *
You feel sick.
* * * LOW HITPOINT WARNING * * *
You feel sick. The worker ant bites you!
You die...

÷.................(....#
.......................#
.......................#
#####..................#
#..................#
#...<..............#
#..................#
##.....÷.....a.....#
##.....#...@.######
#############


You could see a worker ant.

Vanquished Creatures
  A hound (D:2)
  An ooze (D:1)
  A dart slug (D:1)
  A leopard gecko (D:1)
  A bat (D:1)
  7 goblins
  3 hobgoblins (D:1)
  6 frilled lizards
  4 kobolds
  4 rats
29 creatures vanquished.

Notes
Turn   | Place    | Note
-------+----------+-------------------------------------------
     0 | D:1      | Kohma the Draconian Conjurer began the quest for the Orb.
     0 | D:1      | Reached XP level 1. HP: 14/14 MP: 3/3
   196 | D:1      | Reached XP level 2. HP: 20/22 MP: 0/5
   253 | D:1      | Learned a level 2 spell: Searing Ray
   433 | D:1      | Reached skill level 1 in Fighting
   771 | D:1      | Reached XP level 3. HP: 28/28 MP: 4/6
  1211 | D:2      | HP: 1/29 [poisoned by a worker ant]
  1211 | D:2      | Mangled by a worker ant

Levels and vault maps discovered:
D:1:      wander_arrival_lonely_grave, layout_rooms, serial_glass,
          glass_columns_c, glass_columns_c, nrook_mini_backslash,
          nrook_mini_vaults, minmay_close_crescents
D:2:      minmay_roachtagon, layout_rooms

Skill      XL: |  1  2 |
---------------+-------+-----
Fighting       | 1 |  1.8
Dodging        | |  1.7
Stealth        | |  1.7
Spellcasting   | |  2.5
Conjurations   | |  4.8

Action                   || total
-------------------------++-------
Melee: Unarmed           ||     6
       Tailslap          ||     3
       Hand axe          ||    24
 Cast: Magic Dart        ||    59
       Searing Ray       ||     1
  Use: Potion            ||     2
  Eat: Chunk             ||     1
Armor: Skin              ||    13
Dodge: Dodged            ||    26

Table legend:
 A = Non-vault XP
 B = Vault XP
 C = Vault XP percentage of total XP
 D = Non-vault monster count
 E = Vault monster count
 F = Vault count percentage of total count
                 A         B        C        D         E       F
            +---------+---------+-------+---------+---------+-------
      Total |      88 |       8 |   8.3 |      25 |       4 |  13.8
            +---------+---------+-------+---------+---------+-------
        D:1 |      35 |       8 |  18.6 |      17 |       4 |  19.0
        D:2 |      53 |       0 |   0.0 |       8 |       0 |   0.0
            +---------+---------+-------+---------+---------+-------
